Map: [ESL] Hardwire

Players

Spirit - Winner!

  • Race: Terran Terran

Astrea

  • Race: Protoss Protoss

Event: IEM Katowice 2022

VOD

Have the link to the VOD?

Description

Time

  • Played on: Feb. 23, 2022, 8:25 a.m.
  • Length: 21:41

All games in this series

Show
View Real Time Build Order
Export as new Build Order

Spirit Terran - Winner!

Build Orders: 1/1/1 

Get SALT Encoding   

  12  0:00  SCV  
  13  0:12  SCV  
  14  0:17  Supply Depot  
  14  0:24  SCV  
  15  0:38  SCV  
  15  0:40  Barracks  
  16  0:45  Refinery  
  16  0:51  SCV  
  16  0:55  Refinery  
  17  1:03  SCV  
  18  1:15  SCV, Engineering Bay  
  19  1:27  Marine  
  20  1:33  Orbital Command  
  20  1:41  Factory  
  20  1:51  Barracks Reactor  
  20  1:52  Supply Depot  
  20  1:59  SCV  
  21  2:11  SCV  
  22  2:23  SCV  
  22  2:26  Starport  
  23  2:32  Widow Mine x2  
  23  2:35  SCV  
  23  2:36  Supply Depot  
  28  2:48  SCV  
  29  2:53  Widow Mine  
  29  2:58  Widow Mine  
  33  3:02  Medivac  
  36  3:07  Supply Depot  
  36  3:08  Armory  
  36  3:15  Widow Mine  
  36  3:19  Widow Mine  
  39  3:22  Bunker  
  39  3:28  Marine  
  39  3:29  SCV  
  41  3:34  Medivac  
  41  3:40  Widow Mine  
  46  3:48  Widow Mine  
  47  3:50  Supply Depot  
  47  4:02  SCV  
  46  4:09  Widow Mine  
  46  4:11  Medivac  
  47  4:17  Widow Mine  
  47  4:23  Command Center  
  46  4:29  Barracks Tech Lab  
  46  4:31  Widow Mine  
  48  4:34  SCV  
  49  4:46  SCV  
  52  4:56  Starport Tech Lab  
  52  4:58  SCV  
  49  5:03  Marine x2, Siege Tank  
  52  5:10  SCV  
  52  5:13  Barracks  
  52  5:14  Engineering Bay  
  53  5:15  Barracks  
  53  5:21  Supply Depot  
  53  5:22  SCV  
  53  5:23  Marine  
  49  5:32  Raven  
  49  5:34  SCV  
  52  5:37  Marine  
  53  5:47  SCV  
  52  5:51  Siege Tank  
  55  5:59  SCV  
  55  6:00  Bunker  
  56  6:04  Barracks Tech Lab  
  56  6:10  Barracks Tech Lab  
  54  6:17  SCV, Marine  
  56  6:20  Orbital Command  
  56  6:21  Marine  
  57  6:27  Siege Tank  
  57  6:29  SCV  
  61  6:33  Supply Depot  
  61  6:35  Marine  
  61  6:38  Marine  
  63  6:40  Refinery  
  63  6:41  SCV  
  63  6:42  Stimpack  
  63  6:43  Marine x2  
  64  6:49  SCV  
  64  6:53  Missile Turret, Marine, SCV  
  67  6:55  Combat Shield  
  67  6:56  Marine  
  67  6:57  Refinery  
  68  7:01  SCV  
  68  7:02  Marine, Marauder  
  68  7:05  SCV  
  73  7:13  SCV  
  73  7:14  Marine  
  75  7:18  SCV  
  75  7:20  Supply Depot  
  75  7:21  Supply Depot, Marauder  
  78  7:24  Marauder  
  78  7:25  SCV  
  78  7:26  Marine  
  82  7:30  SCV  
  82  7:34  Marine  
  86  7:41  Starport Reactor  
  86  7:42  Marauder  
  86  7:43  Terran Infantry Weapons Level 1  
  86  7:44  SCV x2  
  88  7:45  Marauder  
  90  7:52  Supply Depot  
  90  7:53  Supply Depot  
  90  7:56  SCV  
  91  8:00  Barracks Reactor  
  91  8:04  Factory Reactor, Marauder  
  93  8:06  Command Center  
  93  8:09  Marauder  
  93  8:11  Medivac  
  97  8:14  SCV  
  96  8:20  Medivac  
  96  8:24  Marine  
  99  8:30  Marauder  
  99  8:38  Barracks, Marine  
  99  8:40  SCV x2  
  99  8:41  Barracks, Medivac  
  102  8:42  Marine  
  102  8:44  Widow Mine  
  107  8:50  Medivac  
  107  8:52  SCV, Marauder  
  107  8:54  SCV, Marine  
  113  9:00  Marine  
  113  9:03  Marine  
  113  9:05  Widow Mine x2, SCV  
  113  9:07  SCV  
  118  9:17  SCV, Marine x2, Medivac  
  118  9:18  Supply Depot  
  118  9:19  Marauder  
  118  9:21  Marine  
  126  9:25  SCV  
  126  9:26  Concussive Shells  
  126  9:33  Medivac  
  126  9:35  Marine, Marauder  
  126  9:36  Barracks Reactor  
  126  9:37  Missile Turret, SCV  
  132  9:40  Orbital Command  
  132  9:42  SCV  
  130  9:47  Marine x2, Medivac, Marauder  
  130  9:52  SCV  
  137  9:54  SCV  
  137  9:57  Marauder  
  140  10:02  Marine  
  141  10:12  SCV  
  141  10:16  Marauder  
  141  10:22  Refinery  
  141  10:24  Refinery, Terran Infantry Armor Level 1  
  141  10:27  Ghost Academy, Marauder  
  141  10:33  Marine x4, Medivac  
  141  10:34  Widow Mine  
  149  10:37  Supply Depot  
  149  10:38  Supply Depot  
  149  10:39  SCV  
  149  10:41  Marine  
  149  10:52  Viking  
  149  10:56  Widow Mine  
  149  10:59  Supply Depot  
  149  11:00  Supply Depot  
  149  11:03  Viking  
  155  11:06  Ghost x3  
  155  11:07  Marine  
  155  11:10  Marine  
  156  11:22  Widow Mine x2, Viking  
  160  11:30  Terran Ship Weapons Level 1  
  158  11:33  Viking, Engineering Bay  
  158  11:35  Ghost x2  
  158  11:36  Engineering Bay  
  158  11:39  Bunker  
  162  11:40  Command Center  
  162  11:41  Sensor Tower  
  162  11:42  SCV  
  162  11:44  SCV  
  162  11:46  SCV  
  165  11:50  Enhanced Shockwaves  
  163  11:54  SCV  
  163  11:55  Supply Depot, Viking  
  166  12:03  Terran Infantry Weapons Level 2  
  166  12:10  SCV, Starport  
  166  12:11  Viking  
  169  12:15  SCV  
  169  12:21  Terran Infantry Armor Level 2  
  169  12:24  Marine, Marauder  
  169  12:26  Marine  
  169  12:27  Marauder  
  177  12:31  SCV x2  
  177  12:32  Sensor Tower  
  177  12:34  SCV  
  176  12:43  SCV  
  175  12:47  Missile Turret  
  175  12:48  SCV x2  
  175  12:49  Viking x3  
  183  12:51  Viking  
  183  12:56  Refinery  
  185  12:58  Refinery  
  185  13:00  Supply Depot  
  185  13:06  SCV  
  185  13:08  Fusion Core  
  185  13:18  Planetary Fortress  
  185  13:19  Marine  
  186  13:20  Marauder x2  
  186  13:24  Marine  
  186  13:25  Marauder  
  189  13:35  Barracks  
  189  13:36  Barracks  
  189  13:40  Barracks, SCV  
  189  13:41  SCV  
  191  13:42  SCV, Command Center  
  191  13:43  Widow Mine, Marine  
  190  13:48  Marine  
  190  13:49  Marauder  
  190  13:52  SCV  
  190  13:53  Marine  
  194  13:56  Liberator  
  194  13:58  Liberator  
  198  14:18  Marauder  
  200  14:26  Advanced Ballistics  
  193  14:41  Liberator x2  
  193  14:43  Personal Cloaking, Barracks Tech Lab x2  
  194  14:47  Barracks, Marine, Liberator  
  194  14:48  Marauder  
  194  14:49  Command Center  
  194  14:50  Medivac  
  192  14:57  Terran Infantry Armor Level 3, Terran Infantry Weapons Level 3  
  185  15:20  Medivac  
  187  15:23  Marine, Terran Ship Weapons Level 2  
  187  15:24  Marine, Marauder, Liberator x2  
  187  15:25  Marauder  
  195  15:31  Marine  
  195  15:32  Marauder, Marine  
  195  15:33  Marauder  
  191  15:40  Marauder  
  191  15:41  Planetary Fortress, Marine  
  184  15:43  Marine  
  184  15:45  Marine  
  184  15:46  Marauder  
  177  15:50  Missile Turret  
  177  15:52  Refinery  
  177  15:53  Sensor Tower  
  177  15:54  Refinery  
  177  16:04  Marine, Marauder  
  177  16:07  Marine  
  177  16:11  Marine, Marauder  
  177  16:12  Marine, Marauder  
  183  16:18  Marine  
  183  16:19  Marauder  
  183  16:25  Ghost  
  182  16:26  SCV x3  
  182  16:32  Ghost  
  185  16:33  Ghost  
  188  16:41  Missile Turret, Ghost, Sensor Tower  
  188  16:44  Barracks Tech Lab  
  189  16:47  SCV  
  189  16:53  Liberator  
  193  16:57  Nuke  
  193  16:59  Command Center  
  183  17:11  Marine  
  183  17:14  Marine, Marauder  
  167  17:26  Marine, Marauder  
  164  17:31  Liberator x2  
  164  17:32  Medivac  
  164  17:34  Marine, Marauder  
  172  17:37  Marine, Marauder  
  172  17:38  Marine  
  172  17:39  Ghost, Marauder  
  172  17:40  Marine  
  172  17:44  Marine  
  181  17:48  Marauder  
  184  17:51  Marine, Liberator  
  184  18:02  Liberator  
  184  18:03  Marine, Marauder  
  183  18:17  Liberator  
  183  18:18  Ghost  
  188  18:24  Marine  
  188  18:26  Refinery  
  187  18:28  Liberator  
  187  18:29  Marine  
  187  18:30  Marauder  
  190  18:38  Liberator  
  190  18:47  Marine  
  190  18:48  Marauder  
  191  18:56  Planetary Fortress  
  191  19:00  Marine  
  191  19:01  Marauder  
  191  19:02  Medivac  
  190  19:08  Medivac  
  192  19:11  Orbital Command  
  192  19:12  Refinery  
  192  19:13  Medivac  
  192  19:14  Missile Turret  
  192  19:15  Sensor Tower  
  192  19:16  Missile Turret, Command Center  
  194  19:19  Refinery  
  194  19:30  Terran Vehicle And Ship Armor Level 1, Nuke  
  191  19:40  Liberator  
  191  19:41  Liberator  
  191  19:42  Command Center  
  191  19:43  Marine  
  191  19:44  Marauder  
  199  19:53  Marine  
  199  19:54  Marauder  
  173  20:08  Marine, Marauder x5  
  175  20:15  Marauder  
  175  20:18  Liberator  
  175  20:20  Marine  
  175  20:23  Marine  
  176  20:29  Marauder  
  176  20:30  Marauder  
  176  20:31  Ghost  
  185  20:37  Ghost  
  185  20:38  Marine, Marauder  
  187  20:48  Marine  
  165  20:51  Marine  
  165  20:54  Marine  
  165  20:55  Marauder x2  
  165  20:57  SCV x5  
  168  21:09  SCV x2  
  171  21:15  SCV  
  167  21:18  SCV  
  167  21:19  SCV  
  167  21:21  SCV  
  167  21:23  Marine  
  167  21:24  SCV, Command Center  
  173  21:28  Missile Turret  
Show
View Real Time Build Order
Export as new Build Order

Astrea Protoss 

Build Orders: 1 Gate Expand, Phoenix Opening 

Get SALT Encoding   

  12  0:00  Probe  
  13  0:12  Probe  
  14  0:16  Pylon  
  14  0:24  Probe (Chrono Boost)  
  15  0:35  Gateway  
  16  0:36  Probe (Chrono Boost)  
  16  0:42  Probe (Chrono Boost)  
  16  0:45  Assimilator  
  17  0:51  Probe  
  18  1:03  Probe  
  19  1:15  Probe  
  20  1:25  Cybernetics Core  
  20  1:31  Nexus  
  20  1:34  Probe  
  21  1:41  Pylon  
  21  1:46  Probe  
  22  1:49  Assimilator  
  22  1:56  Warp Gate (Chrono Boost)  
  22  1:58  Probe  
  23  2:04  Stalker  
  25  2:10  Probe  
  26  2:22  Probe  
  26  2:29  Gateway  
  27  2:30  Gateway  
  27  2:34  Sentry  
  27  2:35  Probe  
  30  2:41  Pylon  
  30  2:44  Probe  
  30  2:47  Probe  
  32  2:57  Probe  
  33  2:59  Probe  
  33  3:03  Shield Battery  
  33  3:05  Robotics Facility  
  34  3:09  Probe, Phoenix  
  34  3:11  Probe  
  36  3:21  Probe  
  36  3:25  Stalker x2  
  41  3:28  Probe  
  43  3:38  Stalker  
  44  3:42  Pylon  
  44  3:46  Pylon, Observer  
  45  4:01  Probe  
  46  4:08  Stalker x2  
  45  4:13  Probe  
  45  4:27  Stalker  
  45  4:31  Observer (Chrono Boost)  
  48  4:37  Probe x2  
  40  4:53  Stalker x2  
  40  4:59  Probe  
  42  5:04  Probe, Observer (Chrono Boost)  
  44  5:11  Probe  
  42  5:16  Probe, Observer  
  42  5:20  Stalker  
  45  5:24  Probe, Observer  
  47  5:28  Probe  
  45  5:38  Probe  
  46  5:47  Probe  
  47  5:55  Probe  
  48  5:57  Observer  
  47  6:04  Probe (Chrono Boost)  
  47  6:08  Probe (Chrono Boost)  
  49  6:17  Probe (Chrono Boost)  
  51  6:19  Stalker x2  
  51  6:20  Probe (Chrono Boost)  
  51  6:24  Probe (Chrono Boost)  
  56  6:26  Probe (Chrono Boost)  
  56  6:30  Pylon  
  56  6:31  Probe  
  58  6:35  Probe (Chrono Boost)  
  60  6:40  Observer  
  60  6:43  Probe (Chrono Boost)  
  62  6:52  Probe x2 (Chrono Boost)  
  63  6:55  Pylon  
  63  6:59  Probe  
  63  7:00  Robotics Bay, Probe (Chrono Boost)  
  64  7:07  Nexus  
  65  7:12  Assimilator  
  65  7:15  Assimilator  
  66  7:16  Probe (Chrono Boost)  
  66  7:17  Probe (Chrono Boost)  
  67  7:24  Probe (Chrono Boost)  
  67  7:25  Probe (Chrono Boost)  
  67  7:26  Observer  
  67  7:34  Probe  
  67  7:35  Probe  
  67  7:40  Stalker  
  67  7:46  Probe  
  67  7:47  Probe  
  69  7:53  Pylon  
  69  7:57  Extended Thermal Lance  
  69  7:59  Probe  
  69  8:05  Pylon  
  70  8:07  Colossus (Chrono Boost)  
  70  8:11  Probe  
  77  8:13  Probe  
  77  8:21  Observer  
  77  8:23  Probe  
  77  8:24  Probe  
  77  8:26  Sentry  
  81  8:28  Probe  
  81  8:32  Sentry, Shield Battery  
  84  8:35  Probe  
  84  8:36  Probe  
  84  8:37  Twilight Council  
  84  8:40  Probe  
  85  8:43  Stalker  
  85  8:47  Probe  
  88  8:48  Probe  
  88  8:49  Colossus (Chrono Boost)  
  88  8:52  Probe  
  96  8:57  Observer  
  96  8:59  Probe, Observer  
  96  9:00  Probe  
  96  9:01  Charge (Chrono Boost)  
  96  9:04  Probe  
  96  9:07  Stalker x2  
  96  9:09  Pylon x2  
  101  9:13  Gateway  
  101  9:15  Gateway  
  101  9:19  Observer  
  101  9:25  Colossus (Chrono Boost)  
  107  9:33  Stalker  
  107  9:34  Stalker  
  107  9:35  Zealot  
  107  9:37  Pylon x2  
  113  9:40  Gateway  
  113  9:50  Observer  
  113  9:52  Gateway  
  113  9:53  Gateway, Pylon  
  113  9:57  Zealot  
  113  9:58  Zealot x2  
  119  10:02  Forge  
  115  10:10  Stalker x2  
  115  10:13  Colossus (Chrono Boost)  
  119  10:25  Zealot x3  
  125  10:30  Probe x3  
  125  10:31  Shield Battery  
  125  10:35  Observer  
  128  10:37  Protoss Ground Weapons Level 1 (Chrono Boost)  
  128  10:40  Blink (Chrono Boost)  
  128  10:41  Zealot x3  
  135  10:42  Probe  
  135  10:48  Probe x2  
  134  10:54  Probe  
  134  10:55  Zealot x2  
  138  11:00  Probe  
  138  11:01  Zealot x2  
  141  11:04  Pylon  
  135  11:21  Probe  
  135  11:22  Probe x2  
  135  11:29  Stalker x3  
  141  11:37  Pylon  
  141  11:39  Pylon  
  141  11:40  Dark Shrine  
  141  11:47  Robotics Facility  
  141  11:49  Pylon  
  141  11:52  Nexus  
  141  11:55  Probe x3  
  144  12:07  Probe x3  
  147  12:09  Forge, Disruptor  
  148  12:19  Probe x2  
  148  12:20  Photon Cannon  
  148  12:21  Shield Battery, Probe  
  151  12:26  Protoss Ground Weapons Level 2 (Chrono Boost)  
  151  12:31  Probe x2  
  151  12:33  Pylon  
  151  12:36  Probe  
  152  12:37  Warp Prism (Chrono Boost)  
  152  12:43  Protoss Ground Armor Level 1 (Chrono Boost)  
  152  12:47  Probe x2  
  152  12:48  Probe  
  158  12:52  Disruptor (Chrono Boost)  
  158  12:53  Pylon  
  158  12:56  Shadow Stride, Dark Templar  
  160  12:59  Dark Templar  
  160  13:04  Probe x4, Disruptor (Chrono Boost)  
  167  13:16  Probe x2  
  165  13:20  Disruptor  
  165  13:25  Gateway, Zealot x5  
  165  13:26  Gateway  
  178  13:39  Photon Cannon, Probe x4  
  178  13:40  Pylon  
  182  13:48  Photon Cannon x2  
  182  13:49  Pylon  
  178  13:58  Disruptor x2  
  177  14:12  Nexus  
  176  14:19  Pylon  
  176  14:20  Pylon  
  176  14:26  Observer  
  174  14:33  Observer  
  170  14:44  Stalker x6  
  170  14:45  Stalker x3  
  187  14:49  Probe x2  
  189  14:55  Probe  
  189  15:01  Probe  
  189  15:05  Disruptor (Chrono Boost)  
  175  15:09  Pylon, Probe x2  
  175  15:14  Probe, Disruptor (Chrono Boost)  
  178  15:29  Zealot x10  
  170  15:39  Protoss Ground Weapons Level 3 (Chrono Boost), Protoss Ground Armor Level 2 (Chrono Boost)  
  154  15:45  Probe x3  
  155  16:00  Nexus  
  155  16:04  Observer  
  155  16:05  Observer  
  155  16:09  Assimilator  
  157  16:11  Assimilator  
  157  16:14  Zealot x10  
  157  16:16  Assimilator  
  172  16:44  Dark Templar x2  
  172  16:45  Zealot x6  
  186  16:54  Pylon  
  182  17:06  Pylon  
  182  17:08  Assimilator  
  180  17:12  Probe  
  180  17:13  Stalker  
  180  17:14  Stalker x3  
  181  17:22  Stalker x4  
  174  17:34  Probe  
  175  17:39  Stalker x5  
  181  18:01  Zealot x5  
  181  18:02  Zealot x3  
  195  18:20  Probe  
  195  18:21  Probe x4  
  195  18:48  Stalker x3  
  193  18:59  Zealot x4  
  195  19:13  Dark Templar x2  
  199  19:23  Probe  
  199  19:24  Observer  
  200  19:26  Protoss Shields Level 1 (Chrono Boost)  
  200  19:37  Assimilator x2  
  200  19:48  Nexus  
  200  19:49  Observer (Chrono Boost)  
  197  19:55  Zealot x2  
  174  20:09  Zealot x8  
  166  20:23  Probe x3  
  166  20:26  Zealot x2  
  141  20:36  Dark Templar x2  
  141  20:37  Zealot x6  
  102  21:06  Probe x3  
  99  21:11  Stalker  
  99  21:12  Stalker x2, Zealot  
  107  21:18  Probe x2  
  109  21:26  Stalker  

Tags
 
Add a new tag
Caveats
  • Supply blocks, unpowered buildings, or Contaminate may cause inaccurate times.
  • Supply counts are checked every 10 seconds.